 Dungeon Crawl Stone Soup version 0.29-a0-841-g116ddc6ace (webtiles) character file.

Game seed: 10908168860348450302

186 Hubris850 the Chiller (level 5, 0/57 HPs)
             Began as a Gnoll Ice Elementalist on July 14, 2022.
             Slain by a ball python (1 damage)
             ... in a sewer.
             The game lasted 00:12:11 (1719 turns).

Hubris850 the Chiller (Gnoll Ice Elementalist)      Turns: 1719, Time: 00:12:11

Health: 0/57       AC: 22    Str:  7    XL:     5   Next: 65%
Magic:  9/12       EV: -1    Int: 16    God:
Gold:   96         SH:  0    Dex: 13    Spells: 7/14 levels left

rFire   . . .      SeeInvis .   a - +0 whip
rCold   . . .      Faith    .   (no shield)
rNeg    . . .      Spirit   .   (body armour currently unavailable)
rPois   +          Reflect  .   (helmet currently unavailable)
rElec   .          Harm     .   (cloak currently unavailable)
rCorr   .          Rampage  .   (gloves currently unavailable)
Will    .....      NoTele   +   (boots currently unavailable)
Stlth   +++.......              (no amulet)
HPRegen 0.19/turn               (no ring)
MPRegen 0.13/turn               (no ring)

@: lethally poisoned (0 -> -2), tree-form, hasted, constricted, slow
A: stationary, stasis, torment immunity, boosted hp, (fangs 1), strong nose,
distributed training
a: no special abilities


You were in a sewer.
You were a tree.
You visited 1 branch of the dungeon, and saw 5 of its levels.
You also visited: Sewer.

You collected 96 gold pieces.

Inventory:

Hand Weapons
 a - a +0 whip (weapon)
 b - a +0 sling
 d - a +0 spear
 p - a +0 rapier
Missiles
 e - 3 datura-tipped darts
 i - 8 poisoned darts
Armour
 f - a +0 robe (melded)
 k - a +0 pair of boots (melded)
Wands
 l - a wand of roots (9)
Scrolls
 c - a scroll of torment {unknown}
 m - a scroll of identify {unknown}
 n - 3 scrolls of teleportation {unknown}
 o - a scroll of enchant armour {unknown}
 q - a scroll of vulnerability {unknown}
Potions
 j - a potion of magic


   Skills:
 + Level 1.6 Fighting
 + Level 1.6 Short Blades
 + Level 1.6 Long Blades
 + Level 1.6 Axes
 + Level 1.6 Maces & Flails
 + Level 1.6 Polearms
 + Level 1.6 Staves
 + Level 1.6 Ranged Weapons
 + Level 1.6 Throwing
 + Level 1.6 Armour
 + Level 4.8 Dodging
 + Level 4.5 Stealth
 + Level 1.6 Shields
 + Level 1.6 Unarmed Combat
 + Level 5.2 Spellcasting
 + Level 1.3 Conjurations
 + Level 1.3 Hexes
 + Level 1.3 Summonings
 + Level 1.3 Necromancy
 + Level 1.3 Translocations
 + Level 1.3 Transmutations
 + Level 1.3 Fire Magic
 + Level 7.2 Ice Magic
 + Level 1.3 Air Magic
 + Level 1.3 Earth Magic
 + Level 1.3 Poison Magic
 + Level 1.9 Invocations
 + Level 1.6 Evocations


You had 7 spell levels left.
You knew the following spells:

 Your Spells              Type           Power      Damage    Failure   Level
a - Freeze                Ice            100%       1d11      1%          1
b - Frozen Ramparts       Ice            54%        1d7       2%          3
c - Ozocubu's Armour      Ice            27%        N/A       2%          3

Your spell library contained the following spells:

 Spells                   Type           Power      Damage    Failure   Level
 Portal Projectile        Hex/Tloc       16%        N/A       26%         3
 Tukima's Dance           Hex            8%         N/A       26%         3
 Hailstorm                Conj/Ice       17%        3d6       26%         4
 Blade Hands              Tmut           4%         N/A       94%         5


Dungeon Overview and Level Annotations

Branches:
Dungeon (5/15)              Sewer (1/1)
 Temple: D:4-7

Altars:


Innate Abilities, Weirdness & Mutations

You are a tree.
Your roots penetrate the ground, keeping you stationary.
You cannot be teleported.
You are immune to unholy pain and torment.
Your maximum health is greatly increased.
Your equipment is partially melded.
((You have very sharp teeth.))
Your uncanny sense of smell can sniff out nearby items.
Your experience applies equally to all skills.


Message History

You feel very sick. The ball python barely misses you.
The ball python constricts you.
* * * LOW HITPOINT WARNING * * *
You barely miss the ball python.
* * * LOW HITPOINT WARNING * * *
You feel sick. The ball python barely misses you.
The ball python constricts you.
* * * LOW HITPOINT WARNING * * *
Unknown command.
Your frozen ramparts will break if you move.
Continue?
You escape the ball python's grasp.
The frozen ramparts melt away as you move.
You enter the shallow water.
Moving in this stuff is going to be slow.
* * * LOW HITPOINT WARNING * * *
You feel sick.
You see here a giant cockroach corpse.
Unknown command.
Unknown command.
It was a potion of lignification.
You turn into a tree.
Your +0 pair of boots melds into your body.
Your +0 robe melds into your body.
Your roots penetrate the ground.
* * * LOW HITPOINT WARNING * * *
You feel sick.
The ball python bites you but does no damage.
The ball python grabs you. The ball python constricts you.
It was a potion of haste.
You feel yourself speed up.
* * * LOW HITPOINT WARNING * * *
You feel sick.
The ball python bites you but does no damage.
The ball python constricts you.
You barely miss the ball python.
* * * LOW HITPOINT WARNING * * *
You feel sick.
The ball python bites you but does no damage.
The ball python constricts you.
You closely miss the ball python.
* * * LOW HITPOINT WARNING * * *
You feel sick. The ball python bites you.
You die...

≈≈.≈≈≈.# #.#
≈.≈≈≈.###≈##
#.≈≈≈.##...#
#.≈≈≈.##≈≈.#
#.≈≈≈.##≈≈.#
#.≈≈≈.##≈≈.#
#.≈≈≈†##≈≈≈#
#≈≈≈≈S##≈≈≈#
##≈r≈≈♣##≈≈≈##
.≈≈≈†≈≈≈≈††≈..#
≈≈≈≈≈≈≈≈≈≈≈≈≈.#
≈≈≈≈≈≈≈≈≈≈≈≈≈.#
≈≈≈≈≈≈≈≈≈≈≈≈≈.#
..≈≈≈.≈≈≈≈.≈..#
###########≈###
#≈# #≈#


You could see a quokka and a ball python.

Vanquished Creatures
  A gnoll bouda (D:4)
  An iguana (D:4)
  4 gnolls (D:4)
  4 adders
  2 worms
  3 dart slugs
  4 endoplasms
  6 giant cockroaches
  2 hobgoblins
  5 kobolds
  A quokka (D:1)
  6 ball pythons
  4 bats
  3 frilled lizards (Sewer)
  3 rats (D:4)
49 creatures vanquished.

Notes
Turn   | Place    | Note
-------+----------+-------------------------------------------
     0 | D:1      | Hubris850 the Gnoll Ice Elementalist began the quest for
                  | the Orb.
     0 | D:1      | Reached XP level 1. HP: 13/13 MP: 6/6
   337 | D:1      | Reached XP level 2. HP: 15/19 MP: 4/7
   909 | D:3      | Reached skill level 5 in Spellcasting
   909 | D:3      | Reached XP level 3. HP: 12/25 MP: 2/9
  1099 | D:3      | Learned a level 3 spell: Frozen Ramparts
  1103 | D:3      | Learned a level 3 spell: Ozocubu's Armour
  1123 | D:5      | Entered Level 5 of the Dungeon
  1181 | D:4      | Reached skill level 1 in Invocations
  1283 | D:4      | Reached skill level 1 in Fighting
  1283 | D:4      | Reached skill level 1 in Short Blades
  1283 | D:4      | Reached skill level 1 in Long Blades
  1283 | D:4      | Reached skill level 1 in Axes
  1283 | D:4      | Reached skill level 1 in Maces & Flails
  1283 | D:4      | Reached skill level 1 in Polearms
  1283 | D:4      | Reached skill level 1 in Staves
  1283 | D:4      | Reached skill level 1 in Ranged Weapons
  1283 | D:4      | Reached skill level 1 in Throwing
  1283 | D:4      | Reached skill level 1 in Armour
  1283 | D:4      | Reached skill level 1 in Shields
  1283 | D:4      | Reached skill level 1 in Unarmed Combat
  1283 | D:4      | Reached skill level 1 in Evocations
  1322 | D:4      | Reached XP level 4. HP: 27/32 MP: 7/11
  1485 | D:4      | Reached skill level 1 in Conjurations
  1485 | D:4      | Reached skill level 1 in Hexes
  1485 | D:4      | Reached skill level 1 in Summonings
  1485 | D:4      | Reached skill level 1 in Necromancy
  1485 | D:4      | Reached skill level 1 in Translocations
  1485 | D:4      | Reached skill level 1 in Transmutations
  1485 | D:4      | Reached skill level 1 in Fire Magic
  1485 | D:4      | Reached skill level 1 in Air Magic
  1485 | D:4      | Reached skill level 1 in Earth Magic
  1485 | D:4      | Reached skill level 1 in Poison Magic
  1540 | D:4      | Reached XP level 5. HP: 37/37 MP: 5/12
  1550 | D:4      | Found a glowing drain.
  1583 | Sewer    | Entered a sewer
  1718 | Sewer    | HP: 2/57 [poisoned by an adder]
  1719 | Sewer    | Slain by a ball python

Illustrated notes

Levels and vault maps discovered:
D:1:      giann_forest_graveyard, layout_basic, serial_bayou_pond_b
D:2:      layout_basic, basic_altar
D:3:      layout_loops_ring
D:4:      cheibrodos_barr_body, layout_loops_ring, elyvilon_altar_3,
          portal_sewer_entry_c, uniq_ijyb
D:5:      nicolae_cairo_tiling, layout_basic, serial_corexii_hall,
          chequers_hall_statues_wall_a, chequers_hall_statues_wall_a,
          corexii_hall_statues_x, serial_shops, nicolae_shop_crystal
Sewer:    sewer_frog_island_01

Skill      XL: |  1  2  3  4 |
---------------+-------------+-----
Spellcasting   | 5 |  5.2
Invocations    | 1 |  1.9
Fighting       | 1 |  1.6
Short Blades   | 1 |  1.6
Long Blades    | 1 |  1.6
Axes           | 1 |  1.6
Maces & Flails | 1 |  1.6
Polearms       | 1 |  1.6
Staves         | 1 |  1.6
Ranged Weapons | 1 |  1.6
Throwing       | 1 |  1.6
Armour         | 1 |  1.6
Shields        | 1 |  1.6
Unarmed Combat | 1 |  1.6
Evocations     | 1 |  1.6
Conjurations   | 1 |  1.3
Hexes          | 1 |  1.3
Summonings     | 1 |  1.3
Necromancy     | 1 |  1.3
Translocations | 1 |  1.3
Transmutations | 1 |  1.3
Fire Magic     | 1 |  1.3
Air Magic      | 1 |  1.3
Earth Magic    | 1 |  1.3
Poison Magic   | 1 |  1.3
Dodging        | |  4.8
Stealth        | |  4.5
Ice Magic      | |  7.2

Action                   |  1- 3 |  4- 6 || total
-------------------------+-------+-------++-------
Melee: Spear             |    23 |       ||    23
       Whip              |    30 |    36 ||    66
       Bite              |     2 |     2 ||     4
 Fire: Sling             |    15 |    23 ||    38
 Cast: Freeze            |    26 |     5 ||    31
       Frozen Ramparts   |     1 |     6 ||     7
       Ozocubu's Armour  |       |     1 ||     1
  Use: Potion            |       |     2 ||     2
 Stab: Sleeping          |     1 |     1 ||     2
Armor: Robe              |    17 |     8 ||    25
       Skin              |       |     3 ||     3
Dodge: Dodged            |    60 |    28 ||    88

Table legend: (Time is in decaauts)
 A = Elapsed time spent in this place.
 B = Non-inter-level travel time spent in this place.
 C = Inter-level travel time spent in this place.
 D = Time resting spent in this place.
 E = Time spent auto-exploring this place.
 F = Levels seen in this place.
 G = Mean time per level.
                   A        B        C        D        E       F      G
               +--------+--------+--------+--------+--------+-----+--------+
         Total |   1736 |   1736 |      0 |    789 |     21 |   6 |  289.3 |
       Dungeon |   1591 |   1591 |      0 |    724 |      9 |   5 |  318.2 |
         Sewer |    145 |    145 |      0 |     65 |     12 |   1 |  145.0 |
               +--------+--------+--------+--------+--------+-----+--------+

Top non-repeatable levels by time:
     D:4: 465 daAuts
     D:1: 457 daAuts
     D:2: 389 daAuts
     D:3: 276 daAuts
   Sewer: 145 daAuts
     D:5: 1 daAuts
